 Dungeon Crawl Stone Soup version 0.31-a0-208-gdb31a4691d (webtiles) character file.

Game seed: 7474465738186702398

57 Anon1729 the Cudgeller (level 3, -1/28 HPs)
             Began as a Demonspawn Gladiator on June 28, 2023.
             Slain by an orc wizard
             ... wielding a +0 dagger
              (3 damage)
             ... on level 2 of the Dungeon.
             The game lasted 00:01:30 (1103 turns).

Anon1729 the Cudgeller (Demonspawn Gladiator)       Turns: 1103, Time: 00:01:31

Health: -1/28      AC:  8    Str: 16    XL:     3   Next: 73%
Magic:  3/3        EV: 11    Int:  9    God:
Gold:   19         SH:  0    Dex: 14    Spells: 2/2 levels left

rFire   . . .        m - +0 morningstar
rCold   . . .        (no shield)
rNeg    . . .        l - +0 swamp dragon scales
rPois   +            c - +0 helmet
rElec   .            (no cloak)
rCorr   .            (no gloves)
SInv    .            (no boots)
Will    .....        (no amulet)
Stlth   +            (no ring)
HPRegen 0.24/turn    (no ring)
MPRegen 0.08/turn

%: no passive effects
@: no status effects
A: hooves 1
a: no special abilities


You were on level 2 of the Dungeon.
You visited 1 branch of the dungeon, and saw 3 of its levels.

You collected 19 gold pieces.

Inventory:

Hand Weapons
 a - a +0 flail
 m - a +0 morningstar (weapon)
Missiles
 d - 3 throwing nets (quivered)
 e - a javelin
Armour
 b - a +0 leather armour
 c - a +0 helmet (worn)
 l - +0 swamp dragon scales (worn)
Jewellery
 i - a ring of willpower
Scrolls
 h - a scroll of enchant weapon {unknown}
 j - 2 scrolls of identify {unknown}
 k - 2 scrolls of teleportation {unknown}
Potions
 f - a potion of berserk rage {unknown}


   Skills:
 + Level 2.6 Fighting
 + Level 3.2 Maces & Flails
 + Level 2.3 Throwing
 + Level 3.1 Dodging


You had 2 spell levels left.
You didn't know any spells.
Your spell library was empty.

Dungeon Overview and Level Annotations

Branches:
Dungeon (3/15)

Altars:


Innate Abilities, Weirdness & Mutations

You have large cloven feet.


Message History

The kobold closely misses you.
Things that are here:
a +0 leather armour; a +0 dagger You closely miss the kobold.
Your kick misses the kobold. The kobold barely misses you.
The kobold hits you but does no damage.
The orc wizard gestures wildly while chanting.
The orc wizard flickers and vanishes!
Deactivating autopickup; reactivate with Ctrl-A.
You hit the kobold.
The kobold is moderately wounded.
The kobold hits you with a +0 dagger.
You completely miss the kobold. You kick the kobold.
You kill the kobold!
You barely miss the rat. You kick the rat.
You kill the rat!
Something hits you but does no damage.
You miss something. Something hits you.
You miss something. Something hits you but does no damage.
You barely miss something. Your kick misses something.
Something hits you but does no damage. Something hits you.
You hit something but do no damage. Your kick misses something.
Something hits you.
You barely miss something. Your kick misses something. Something hits you.
You hit something.
You hear some strange, mumbled words.
You are confused.
Something hits you.
* * * LOW HITPOINT WARNING * * *
You bump into the rock wall.
Something hits you but does no damage.
You completely miss something. Something hits you.
* * * LOW HITPOINT WARNING * * *
You bump into the rock wall.
Something hits you.
* * * LOW HITPOINT WARNING * * *
Okay, then.
Unknown command.
You miss something. You kick something. Something hits you but does no damage.
You barely miss something.
You feel less confused. Something hits you but does no damage.
Something hits you.
You die...

...#
#######.###########.#
#.##.# ...# #.######
##.# #.##.# ...#
#......#####..#
#.##.# ...#
#####.>......##
#.#... ####
##o##.....####.####
###r.##.###......#..#
#...###.#!#.######.##
#.#####.###.# #..#
#..{@.......# ##.#
######....### #..
###### ###


There were no monsters in sight!

Vanquished Creatures
  3 adders (D:2)
  2 orcs (D:2)
  6 ball pythons
  An endoplasm (D:2)
  2 giant cockroaches (D:2)
  2 goblins (D:2)
  3 quokkas (D:2)
  6 bats (D:2)
  2 frilled lizards (D:2)
  2 kobolds (D:2)
  2 rats (D:2)
31 creatures vanquished.

Notes
Turn   | Place    | Note
-------+----------+-------------------------------------------
     0 | D:1      | Anon1729 the Demonspawn Gladiator began the quest for the
                  | Orb.
     0 | D:1      | Reached XP level 1. HP: 16/16 MP: 1/1
    95 | D:1      | You fall into a shaft and drop 1 floor!
   209 | D:2      | Gained mutation: You have large cloven feet. [demonic
                  | ancestry]
   209 | D:2      | Reached XP level 2. HP: 16/23 MP: 2/2
   324 | D:2      | Reached XP level 3. HP: 28/28 MP: 3/3
  1101 | D:2      | HP: 1/28 [something (4)]
  1103 | D:2      | Slain by an orc wizard

Illustrated notes

Levels and vault maps discovered:
D:1:      ncdulo_smallfort, layout_loops_corners,
          dreamdust_ecumenical_altar_drowned_temple
D:2:      wad_crossroads, layout_basic, serial_glass, glass_columns_a,
          glass_columns_b, item_on_display_a, minmay_strange_pillars,
          feat_on_display, item_on_display_a, grunt_decor_fettered
D:3:      layout_rooms, serial_bayou_pond_c

Skill      XL: |  1  2 |
---------------+-------+-----
Throwing       | 2 |  2.3
Maces & Flails | 3 |  3.2
Dodging        | 3 |  3.1
Fighting       | |  2.6

Action                     || total
---------------------------++-------
  Melee: Flail             ||    71
         Morningstar       ||    15
         Kick              ||    11
    Use: Potion            ||     2
 Armour: Leather armour    ||    23
         Swamp dragon scal ||    34
  Dodge: Dodged            ||   113

Table legend: (Time is in decaauts)
 A = Elapsed time spent in this place.
 B = Non-inter-level travel time spent in this place.
 C = Inter-level travel time spent in this place.
 D = Time resting spent in this place.
 E = Time spent auto-exploring this place.
 F = Levels seen in this place.
 G = Mean time per level.
                   A        B        C        D        E       F      G
               +--------+--------+--------+--------+--------+-----+--------+
         Total |   1127 |   1081 |     46 |     91 |    744 |   3 |  375.7 |
       Dungeon |   1127 |   1081 |     46 |     91 |    744 |   3 |  375.7 |
               +--------+--------+--------+--------+--------+-----+--------+

Top non-repeatable levels by time:
     D:2: 1008 daAuts
     D:1: 96 daAuts
     D:3: 22 daAuts
